 Dungeon Crawl Stone Soup version 0.31-a0-216-g22e908daa7 (webtiles) character file.

Game seed: 10153306838089456912

2196 duelista700 the Covert (level 9, -3/39 HPs)
             Began as a Spriggan Enchanter on June 26, 2023.
             Was a Believer of Okawaru.
             Shot with a sling bullet by Joseph (9 damage)
             ... on level 8 of the Dungeon on July 2, 2023.
             The game lasted 01:06:02 (10314 turns).

duelista700 the Covert (Spriggan Enchanter)        Turns: 10314, Time: 01:06:08

Health: -3/39      AC:  2    Str:  8    XL:     9   Next: 12%
Magic:  9/16       EV: 22    Int: 17    God:    Okawaru [**....]
Gold:   217        SH:  0    Dex: 15    Spells: 11/16 levels left

rFire   . . .        E - +3 dagger
rCold   . . .        (no shield)
rNeg    . . .        b - +0 robe
rPois   .            (helmet restricted)
rElec   .            (no cloak)
rCorr   .            (gloves unavailable)
SInv    +            (boots unavailable)
Will    +....        (no amulet)
Stlth   +++++        (no ring)
HPRegen 0.26/turn    (no ring)
MPRegen 0.15/turn

%: no passive effects
@: marked, very slightly contaminated, invisible, very quick
A: very small, no large weapons, unfitting armour, see invisible, speed 3
a: Renounce Religion, Heroism


You were on level 8 of the Dungeon.
You worshipped Okawaru.
Okawaru was pleased with you.
You visited 2 branches of the dungeon, and saw 9 of its levels.

You collected 337 gold pieces.
You spent 120 gold pieces at shops.

Inventory:

Hand Weapons
 a - a +1 dagger
 k - a +2 dagger of holy wrath
 E - a +3 dagger (weapon)
Missiles
 B - a throwing net
 G - 3 poisoned darts
Armour
 b - a +0 robe (worn)
 d - a scarf of shadows
Wands
 g - a wand of flame (43)
 w - a wand of acid (13)
 D - a wand of paralysis (9)
Scrolls
 e - a scroll of immolation {unknown}
 i - 2 scrolls of fear {unknown}
 j - 2 scrolls of revelation
 l - a scroll of noise {unknown}
 m - 3 scrolls of silence {unknown}
 o - a scroll of amnesia {unknown}
 r - 2 scrolls of butterflies {unknown}
 s - a scroll of blinking {unknown}
 u - 2 scrolls of enchant armour {unknown}
 v - a scroll of vulnerability {unknown}
 y - a scroll of brand weapon {unknown}
 A - a scroll of fog {unknown}
 F - a scroll of poison {unknown}
 H - a scroll of identify
Potions
 c - a potion of invisibility
 f - 3 potions of might
 h - a potion of resistance {unknown}
 n - 2 potions of lignification {unknown}
 q - a potion of attraction {unknown}
 t - a potion of mutation {unknown}
 x - a potion of brilliance {unknown}
 z - 2 potions of curing
 C - a potion of ambrosia {unknown}


   Skills:
 + Level 7.2 Short Blades
 * Level 9.4 Dodging
 + Level 11.0 Stealth
 - Level 4.1 Spellcasting
 - Level 4.8 Hexes


You had 11 spell levels left.
You knew the following spells:

 Your Spells              Type           Power      Damage    Failure   Level
a - Ensorcelled Hibernat  Hex/Ice        22%        N/A       9%          2
b - Confusing Touch       Hex            19%        N/A       6%          3

Your spell library contained the following spells:

 Spells                   Type           Power      Damage    Failure   Level
 Magic Dart               Conj           12%        1d3       16%         1
 Dazzling Flash           Conj/Hex       22%        N/A       17%         3
 Mephitic Cloud           Conj/Pois/Air  3%         N/A       43%         3
 Tukima's Dance           Hex            Unusable   N/A       N/A         3
 Call Imp                 Summ           Unusable   N/A       N/A         2

Dungeon Overview and Level Annotations

Branches:
Dungeon (8/15)             Temple (1/1) D:4
   Lair: D:8-11

Altars:
Ashenzari
Cheibriados
Dithmenos
Fedhas
Hepliaklqana
Kikubaaqudgha
Makhleb
Nemelex Xobeh
Okawaru
Qazlal
Ru
Sif Muna
Trog
Uskayaw
Vehumet
Xom
Yredelemnul
Zin
The Shining One

Shops:
D:4 *   D:7 [

Annotations:
D:8 Joseph


Innate Abilities, Weirdness & Mutations

You are very small and have problems with some larger weapons.
You are too small for most types of armour.
You have supernaturally acute eyesight. (SInv)
You cover ground extremely quickly. (Speed+++)


Message History

You start resting.
A gnoll comes into view. It is wielding a +0 club.
A gnoll is nearby!
You are too injured to fight recklessly!
Casting: Ensorcelled Hibernation (safe; 9% risk of failure)
Confirm with . or Enter, or press ? or * to list all spells.
Aiming: Ensorcelled Hibernation (safe; 9% risk of failure)
Press: ? - help, Shift-Dir - straight line, f - killer bee
Aim: a killer bee (unable to see you, chance to affect: 53%)
You miscast Ensorcelled Hibernation.
You are very lightly contaminated with residual magic.
Nothing appears to happen.
The killer bee closely misses you. The killer bee stings you.
* * * LOW HITPOINT WARNING * * *
Joseph, a Mercenary comes into view.
He is wielding a +0 quarterstaff and carrying a wand of iceblast (8).
You fade further into invisibility.
The killer bee misses you. The killer bee completely misses you.
The killer bee misses you.
A yak comes into view.
Joseph unwields a +0 quarterstaff.
Joseph wields a +0 sling.
Joseph shoots a sling bullet.
The sling bullet barely misses the gnoll.
The sling bullet completely misses you. The killer bee misses you.
You catch the helpless killer bee completely off-guard!
You impale the killer bee!!
You kill the killer bee!
Okawaru accepts your kill. The gnoll completely misses you.
A yak comes into view.
Joseph shoots a sling bullet.
The sling bullet completely misses you.
Your Stealth skill increases to level 11!
You barely miss the killer bee. You punch the killer bee.
The killer bee is lightly wounded.
The killer bee misses you.
You hit the killer bee.
The killer bee is heavily wounded.
The killer bee completely misses you. The gnoll completely misses you.
A gnoll sergeant comes into view.
It is wielding a +1 trident of venom and carrying a wand of acid (6).
Joseph shoots a sling bullet.
The sling bullet hits you!
You die...

#.........>.
###.........( .##
..#..!y....<$ @g..
.......<...# #..Y
....f.....# #.Y#
.....J....#### #..#
....(........#
##..#
........####.###g.#
..##...## #.#yy@#
######## #.J.###
#.### ###


You could see Joseph (unable to see you), 2 yaks, a gnoll sergeant (unable to
see you), a jelly, 2 killer bees and a gnoll (unable to see you).

Vanquished Creatures
  Grinder (D:5)
  Menkaure (D:5)
  3 ice beasts
  A black bear (D:5)
  3 ogres
  4 phantoms
  Blork the orc (D:5)
  A gnoll sergeant (D:6)
  A scorpion (D:3)
  A killer bee (D:8)
  2 howler monkeys (D:8)
  3 orc priests
  2 hounds (D:5)
  2 jellies
  A gnoll bouda (D:5)
  Ijyb (D:5)
  2 iguanas (D:5)
  Natasha (thrice) (D:4)
  2 orc wizards
  10 gnolls
  7 adders
  A shadow imp (D:6)
  An ufetubus (D:5)
  A worm (D:2)
  2 dart slugs (D:1)
  12 orcs
  4 ball pythons
  3 endoplasms
  2 giant cockroaches
  6 goblins
  3 hobgoblins
  11 jackals
  A quokka (D:1)
  4 bats
  6 kobolds
  2 rats
111 creatures vanquished.

Notes
Turn   | Place    | Note
-------+----------+-------------------------------------------
     0 | D:1      | duelista700 the Spriggan Enchanter began the quest for the
                  | Orb.
     0 | D:1      | Reached XP level 1. HP: 9/9 MP: 5/5
   326 | D:1      | Reached skill level 5 in Stealth
   336 | D:1      | Reached XP level 2. HP: 13/13 MP: 6/6
   483 | D:1      | Found a faded altar of an unknown god.
  1152 | D:2      | Learned a level 2 spell: Ensorcelled Hibernation
  1697 | D:2      | Reached XP level 3. HP: 16/16 MP: 1/8
  2417 | D:3      | Reached skill level 6 in Stealth
  2854 | D:3      | Reached XP level 4. HP: 21/21 MP: 2/9
  3366 | D:3      | Upgraded the game from 0.31-a0-200-gbc41564c69 to
                  | 0.31-a0-216-g22e908daa7
  3398 | D:4      | Noticed a scorpion
  3419 | D:3      | Killed a scorpion
  3420 | D:3      | Reached skill level 7 in Stealth
  3420 | D:3      | Reached XP level 5. HP: 24/24 MP: 5/10
  3470 | D:4      | You fall into a shaft and drop 1 floor!
  3470 | D:5      | Entered Level 5 of the Dungeon
  3582 | D:5      | Noticed a phantom
  3648 | D:5      | Noticed a black bear
  3658 | D:5      | Killed a black bear
  3659 | D:5      | Reached skill level 8 in Stealth
  3659 | D:5      | Reached XP level 6. HP: 28/28 MP: 6/11
  3757 | D:5      | Noticed an ice beast
  3789 | D:5      | Reached skill level 5 in Short Blades
  3856 | D:5      | Noticed Blork the orc
  3859 | D:5      | Killed Blork the orc
  3872 | D:5      | Learned a level 3 spell: Confusing Touch
  3888 | D:5      | Noticed Menkaure
  4312 | D:5      | Noticed Grinder
  4557 | D:4      | Noticed Natasha
  4561 | D:4      | Killed Natasha
  4562 | D:4      | Reached XP level 7. HP: 32/32 MP: 12/12
  4605 | D:4      | Found Asku's General Store.
  4618 | D:4      | Bought a potion of invisibility for 96 gold pieces
  4618 | D:4      | Bought a scroll of identify for 24 gold pieces
  4684 | D:4      | Noticed Natasha
  4717 | D:4      | Killed Natasha
  4841 | D:4      | Found a staircase to the Ecumenical Temple.
  4930 | Temple   | Entered the Ecumenical Temple
  5032 | Temple   | Became a worshipper of Warmaster Okawaru
  5113 | D:4      | Noticed Natasha
  5282 | D:4      | Reached skill level 5 in Dodging
  5475 | D:4      | Killed Natasha
  5995 | D:5      | Noticed Ijyb
  6208 | D:5      | Reached skill level 9 in Stealth
  6580 | D:6      | Reached XP level 8. HP: 36/36 MP: 15/15
  7155 | D:5      | Killed Menkaure
  7155 | D:5      | Reached * piety under Okawaru
  7834 | D:5      | Killed Grinder
  7835 | D:5      | Reached skill level 10 in Stealth
  8143 | D:5      | Killed Ijyb
  9094 | D:6      | Reached ** piety under Okawaru
  9222 | D:6      | Reached XP level 9. HP: 39/39 MP: 11/16
  9462 | D:7      | Found Afocix's Armour Boutique.
 10277 | D:8      | Noticed a two-headed ogre
 10309 | D:8      | Noticed Joseph
 10313 | D:8      | Reached skill level 11 in Stealth
 10314 | D:8      | Shot with a sling bullet by Joseph

Illustrated notes

Levels and vault maps discovered:
D:1:      lemuel_arrival_muddy, layout_loops_ring,
          hellmonk_ecumenical_altar_run_dry, minivault_11, st_stairs_10,
          chequers_garden
D:2:      kennysheep_six_static_rooms, layout_basic
D:3:      layout_rooms
D:4:      layout_loops_ring, minmay_temple_entry_crystal_x, serial_shops, shop,
          uniq_natasha
D:5:      layout_basic, uniq_menkaure, uniq_grinder, uniq_blork_the_orc,
          uniq_ijyb
D:6:      layout_loops_ring, ebering_dispersal_statue_hall
D:7:      layout_rooms, serial_shops, nicolae_shop_window_shopping, uniq_maggie
D:8:      layout_rooms, uniq_joseph
Temple:   hellmonk_temple_of_storms

Skill      XL: |  1  2  3  4  5  6  7  8  9 |
---------------+----------------------------+-----
Stealth        | 5 6 7 8 9 10 11 | 11.0
Short Blades   | 2 3 4 5 7 |  7.2
Dodging        | 4 5 9 |  9.4
Spellcasting   | 3 4 |  4.1
Hexes          | 4 |  4.8

Action                     |  1- 3 |  4- 6 |  7- 9 || total
---------------------------+-------+-------+-------++-------
  Melee: Dagger            |   102 |    17 |   134 ||   253
         Punch             |     1 |       |     2 ||     3
   Cast: Ensorcelled Hiber |    30 |    21 |    70 ||   121
         Confusing Touch   |       |     1 |    25 ||    26
    Use: Scroll            |       |     1 |     6 ||     7
         Potion            |       |       |     4 ||     4
   Stab: Sleeping          |    21 |    15 |    46 ||    82
         Confused          |       |       |     8 ||     8
         Invisible         |       |       |     1 ||     1
 Armour: Robe              |     5 |       |     5 ||    10
  Dodge: Dodged            |    59 |     9 |    88 ||   156

Table legend: (Time is in decaauts)
 A = Elapsed time spent in this place.
 B = Non-inter-level travel time spent in this place.
 C = Inter-level travel time spent in this place.
 D = Time resting spent in this place.
 E = Time spent auto-exploring this place.
 F = Levels seen in this place.
 G = Mean time per level.
                   A        B        C        D        E       F      G
               +--------+--------+--------+--------+--------+-----+--------+
         Total |   7402 |   6656 |    746 |   2027 |   1817 |   9 |  822.4 |
       Dungeon |   7332 |   6615 |    717 |   2027 |   1817 |   8 |  916.5 |
        Temple |     70 |     42 |     28 |      0 |      0 |   1 |   70.0 |
               +--------+--------+--------+--------+--------+-----+--------+

Top non-repeatable levels by time:
     D:5: 2300 daAuts
     D:6: 1519 daAuts
     D:2: 1121 daAuts
     D:3: 860 daAuts
     D:4: 822 daAuts
     D:1: 492 daAuts
     D:8: 134 daAuts
     D:7: 81 daAuts
  Temple: 70 daAuts
